 Dungeon Crawl Stone Soup version 0.24-a0-781-g048a31f (webtiles) character file.

Game seed: 15537545966747409435, levelgen mode: deterministic

50 DrKleor the Cudgeler (level 3, -1/29 HPs)
             Began as a Demonspawn Monk on Oct 7, 2019.
             Slain by Jessica
             ... wielding a +0 dagger
              (3 damage)
             ... on level 2 of the Dungeon on Oct 8, 2019.
             The game lasted 00:07:40 (2010 turns).

DrKleor the Cudgeler (Demonspawn Monk)              Turns: 2010, Time: 00:07:41

Health: -1/29      AC:  2    Str: 11    XL:     3   Next: 55%
Magic:  3/3        EV: 13    Int: 11    God:
Gold:   94         SH:  0    Dex: 18    Spells: 2/2 levels left

rFire    . . .     SeeInvis .   i - +0 dagger
rCold    . . .     Gourm    .   (no shield)
rNeg     . . .     Faith    .   b - +0 robe
rPois    .         Spirit   .   (no helmet)
rElec    .         Reflect  .   (no cloak)
rCorr    .         Harm     .   (no gloves)
MR       .....                  (no boots)
Stlth    +++.......             (no amulet)
HPRegen  0.09/turn              (no ring)
MPRegen  0.08/turn              (no ring)

@: no status effects
A: thin skeletal structure 1
a: no special abilities


You were on level 2 of the Dungeon.
You were hungry.

You visited 1 branch of the dungeon, and saw 2 of its levels.

You collected 94 gold pieces.

Inventory:

Hand Weapons
 a - a +0 mace
 i - a +0 dagger (weapon)
Armour
 b - a +0 robe (worn)
Scrolls
 e - a scroll of random uselessness {unknown}
 f - 3 scrolls of identify {unknown}
 g - 4 scrolls of remove curse {unknown}
 h - a scroll of enchant armour {unknown}
 l - a scroll of blinking {unknown}
 m - a scroll of amnesia {unknown}
 n - a scroll of teleportation {unknown}
Potions
 d - a potion of agility {unknown}
 j - 2 potions of heal wounds {unknown}
Comestibles
 c - 2 rations
 k - a chunk of flesh


   Skills:
 - Level 3.0 Fighting
 + Level 1.5 Short Blades
 - Level 3.3 Maces & Flails
 - Level 2.6 Dodging
 + Level 2.6 Stealth


You had 2 spell levels left.
You didn't know any spells.
Your spell library was empty.

Dungeon Overview and Level Annotations

Branches:
Dungeon (2/15)

Altars:

Annotations:
D:2 Jessica


Innate Abilities, Weirdness & Mutations

You have a somewhat thin skeletal structure. (Dex +2, Stealth)


Message History

You hit Jessica.
Jessica is heavily wounded.
Jessica closely misses you.
You completely miss Jessica.
Jessica is heavily wounded.
Jessica mumbles some strange words.
Jessica blinks!
Jessica casts a spell.
Jessica seems to speed up.
Jessica hits you with a +0 dagger.
* * * LOW HITPOINT WARNING * * *
Jessica hits you with a +0 dagger.
* * * LOW HITPOINT WARNING * * *
You barely miss Jessica.
Jessica is heavily wounded.
You feel yourself speed up. Jessica hits you with a +0 dagger.
* * * LOW HITPOINT WARNING * * *
Jessica hits you with a +0 dagger.
You die...

#. #. #.
#.#######
#.......#####
#####.......#
#.......#
#.......#
########
#.....@.#
.......#
#.....@.#
######.#
#.......# #.#
#.......# #.#
#.......# #.#
#.......#
####'####.......#
#......÷........#
+......†........+


You could see Jessica.

Vanquished Creatures
  4 dart slugs
  8 bats
  A giant cockroach (D:1)
  6 hobgoblins
  4 kobolds (D:1)
  A quokka (D:2)
  A ball python (D:1)
  5 frilled lizards (D:1)
  6 goblins
  5 rats
41 creatures vanquished.

Notes
Turn   | Place    | Note
-------+----------+-------------------------------------------
     0 | D:1      | DrKleor the Demonspawn Monk began the quest for the Orb.
     0 | D:1      | Reached XP level 1. HP: 18/18 MP: 1/1
   202 | D:1      | Gained mutation: You have a somewhat thin skeletal
                  | structure. (Dex +2, Stealth) [demonic ancestry]
   202 | D:1      | Reached XP level 2. HP: 22/24 MP: 2/2
   770 | D:1      | Reached skill level 1 in Short Blades
   928 | D:1      | Reached XP level 3. HP: 26/29 MP: 3/3
  1356 | D:2      | Upgraded the game from 0.24-a0-778-g74da537 to
                  | 0.24-a0-781-g048a31f
  1979 | D:2      | Noticed Jessica
  2010 | D:2      | Slain by Jessica

Levels and vault maps discovered:
D:1:      dpeg_arrival_arbitrary_c, layout_basic, serial_glass, glass_columns_a,
          glass_columns_a, glass_columns_a, glass_columns_a, glass_columns_a,
          glass_columns_b, glass_columns_a, glass_columns_b, glass_columns_b,
          glass_columns_a, glass_columns_b, glass_columns_a, glass_columns_a,
          glass_columns_b, feat_on_display, item_on_display_a
D:2:      layout_basic, first_ration, minmay_misc_feat_cross,
          minmay_heptomino_o4, uniq_crazy_yiuf_cottage, uniq_jessica,
          uniq_sigmund

Skill      XL: |  1  2 |
---------------+-------+-----
Maces & Flails | 3 |  3.3
Stealth        | 2 |  2.6
Short Blades   | 1 |  1.5
Fighting       | |  3.0
Dodging        | |  2.6

Action                   || total
-------------------------++-------
Melee: Mace              ||    28
       Dagger            ||   135
 Stab: Sleeping          ||     7
  Eat: Chunk             ||     3
Armor: Robe              ||    30
Dodge: Dodged            ||   129

Table legend:
 A = Non-vault XP
 B = Vault XP
 C = Vault XP percentage of total XP
 D = Non-vault monster count
 E = Vault monster count
 F = Vault count percentage of total count
                 A         B        C        D         E       F
            +---------+---------+-------+---------+---------+-------
      Total |      64 |       8 |  11.1 |      38 |       3 |   7.3
            +---------+---------+-------+---------+---------+-------
        D:1 |      45 |       0 |   0.0 |      26 |       0 |   0.0
        D:2 |      19 |       8 |  29.6 |      12 |       3 |  20.0
            +---------+---------+-------+---------+---------+-------
